 Dungeon Crawl Stone Soup version 0.29.1-15-g9cfb28693d (webtiles) character file.

Game seed: 2870795252350251341

229 firemarshallily the Trooper (level 5, 0/42 HPs)
             Began as a Demonspawn Gladiator on Mar 19, 2023.
             Slain by a kobold brigand
             ... wielding a +2 dagger of protection
              (1 damage)
             ... in a sewer.
             The game lasted 00:06:46 (2638 turns).

firemarshallily the Trooper (Demonspawn Gladiator)  Turns: 2638, Time: 00:06:46

Health: 0/42       AC:  8    Str: 16    XL:     5   Next: 71%
Magic:  5/5        EV: 12    Int: 10    God:
Gold:   149        SH:  0    Dex: 20    Spells: 4/4 levels left

rFire   . . .      SeeInvis .   a - +0 war axe
rCold   . . .      Faith    .   (no shield)
rNeg    + . .      Spirit   .   g - +2 ring mail {rN+}
rPois   +          Reflect  .   (helmet restricted)
rElec   .          Harm     .   q - +0 cloak
rCorr   .          Rampage  .   (no gloves)
Will    .....                   (no boots)
Stlth   +.........              (no amulet)
HPRegen 0.14/turn               m - +6 ring of dexterity
MPRegen 0.09/turn               o - ring of poison resistance

@: no status effects
A: antennae 1, claws 1
a: no special abilities


You were in a sewer.
You visited 1 branch of the dungeon, and saw 3 of its levels.
You also visited: Sewer.

You collected 149 gold pieces.

Inventory:

Hand Weapons
 a - a +0 war axe (weapon)
Missiles
 d - 2 throwing nets (quivered)
 e - a javelin
Armour
 b - a +0 leather armour
 g - a +2 ring mail of positive energy (worn)
 q - a +0 cloak (worn)
Jewellery
 m - a +6 ring of dexterity (left claw)
 o - a ring of poison resistance (right claw)
Scrolls
 f - a scroll of identify {unknown}
 i - a scroll of summoning {unknown}
 k - a scroll of butterflies {unknown}
 n - a scroll of noise {unknown}
 p - 2 scrolls of poison {unknown}
Potions
 c - 2 potions of might {unknown}
 h - a potion of lignification {unknown}
 j - 2 potions of attraction {unknown}
 l - a potion of berserk rage {unknown}
 r - a potion of haste {unknown}


   Skills:
 * Level 4.2 Fighting
 - Level 2.9 Axes
 - Level 1.7 Throwing
 + Level 2.0 Armour
 - Level 2.6 Dodging
 * Level 2.6 Unarmed Combat


You had 4 spell levels left.
You didn't know any spells.
Your spell library contained the following spells:

 Spells                   Type           Power      Damage    Failure   Level
 Sting                    Tmut/Pois      0%         1d3       56%         1
 Poisonous Vapours        Pois/Air       0%         N/A       71%         2
 Olgreb's Toxic Radiance  Pois           0%         N/A       100%        4


Dungeon Overview and Level Annotations

Branches:
Dungeon (3/15)              Sewer (1/1)

Altars:
Hepliaklqana


Innate Abilities, Weirdness & Mutations

You have a pair of small antennae on your head.
You have sharp fingernails.


Message History

The kobold brigand is heavily wounded.
The kobold brigand closely misses you.
You barely miss the kobold brigand.
The kobold brigand is heavily wounded.
The kobold brigand hits you but does no damage.
You slash the kobold brigand!
The kobold brigand is almost dead.
The kobold brigand completely misses you.
The kobold brigand hits you with a +2 dagger of protection!
You closely miss the kobold brigand.
You claw the kobold brigand, but do no damage.
The kobold brigand is almost dead.
The kobold brigand barely misses you.
You hit the kobold brigand but do no damage.
The kobold brigand is almost dead.
The kobold brigand misses you.
You hit the kobold brigand but do no damage.
The kobold brigand is almost dead.
The kobold brigand hits you with a +2 dagger of protection.
* * * LOW HITPOINT WARNING * * *
The kobold brigand hits you with a +2 dagger of protection!
* * * LOW HITPOINT WARNING * * *
Throw: 3 throwing nets
Press: ? - help, Shift-Dir - straight line, f - kobold brigand
Aim: a kobold brigand, wielding a +2 dagger of protection and quivering poisoned darts (almost dead, 58% to hit)
You throw a throwing net.
The throwing net barely misses the kobold brigand.
The kobold brigand hits you with a +2 dagger of protection.
* * * LOW HITPOINT WARNING * * *
You barely miss the kobold brigand.
The kobold brigand is almost dead.
The kobold brigand closely misses you.
You closely miss the kobold brigand.
The kobold brigand is almost dead.
The kobold brigand barely misses you.
You hit the kobold brigand.
The kobold brigand is almost dead.
The kobold brigand hits you but does no damage.
The kobold brigand hits you with a +2 dagger of protection.
You die...

## ## ####### ######.(#!.#
#.....## ###....#.....#
.......####.....)K....#
..###...........@#
.###..........~~~#
..##.....##..~~≈~######
........####~~~~≈≈≈≈≈≈≈≈
.~~~~~†##~~~≈≈≈≈≈≈≈≈≈≈≈≈
~~~~~~~~~~≈≈≈≈≈≈≈≈≈≈≈≈≈≈ #
≈~≈≈≈≈≈≈≈≈≈≈≈≈≈≈≈≈≈≈≈≈≈≈ ≈#
≈≈≈≈≈≈≈≈≈≈≈≈≈≈≈≈≈≈≈≈≈≈≈≈ ≈#
≈≈≈≈≈≈≈≈≈≈≈≈≈≈≈≈≈≈≈≈≈≈≈≈≈≈#


You could see a kobold brigand.

Vanquished Creatures
  A scorpion (D:3)
  8 river rats (Sewer)
  3 adders
  9 ball pythons (Sewer)
  An endoplasm (D:1)
  5 giant cockroaches
  3 goblins (D:1)
  2 hobgoblins (D:1)
  6 jackals
  13 kobolds
  2 quokkas
  A bat (D:1)
  5 frilled lizards
  21 rats
80 creatures vanquished.

Vanquished Creatures (others)
  4 withered plants (D:2)
4 creatures vanquished.

Grand Total: 84 creatures vanquished

Notes
Turn   | Place    | Note
-------+----------+-------------------------------------------
     0 | D:1      | firemarshallily the Demonspawn Gladiator began the quest
                  | for the Orb.
     0 | D:1      | Reached XP level 1. HP: 16/16 MP: 1/1
   277 | D:1      | Discovered your monstrous ancestry.
   277 | D:1      | Gained mutation: You have sharp fingernails. [demonic
                  | ancestry]
   277 | D:1      | Reached XP level 2. HP: 22/22 MP: 2/2
   978 | D:2      | Reached skill level 1 in Armour
   978 | D:2      | Reached XP level 3. HP: 28/28 MP: 3/3
  1121 | D:2      | Found a faded altar of an unknown god.
  1134 | D:2      | Reached skill level 3 in Fighting
  1212 | D:2      | Reached skill level 1 in Unarmed Combat
  1366 | D:2      | Found a hazy altar of Hepliaklqana.
  1415 | D:3      | Noticed a scorpion
  1427 | D:3      | Killed a scorpion
  1428 | D:3      | Reached XP level 4. HP: 11/35 MP: 4/4
  1634 | D:3      | Found a glowing drain.
  1720 | Sewer    | Entered a sewer
  1915 | Sewer    | Gained mutation: You have a pair of small antennae on your
                  | head. [demonic ancestry]
  1915 | Sewer    | Reached XP level 5. HP: 36/42 MP: 5/5
  2178 | Sewer    | Reached skill level 4 in Fighting
  2634 | Sewer    | HP: 1/42 [kobold brigand/+2 dagger of protection (7)]
  2638 | Sewer    | Slain by a kobold brigand

Illustrated notes

Levels and vault maps discovered:
D:1:      beargit_arrival_greenhouse, layout_rooms, serial_forest,
          infiniplex_forest_lined_3_way, infiniplex_forest_end_double,
          infiniplex_forest_clump_tiny, infiniplex_forest_clump_medium,
          infiniplex_forest_lined_corner, infiniplex_forest_end_2,
          minmay_cut_off
D:2:      layout_basic, ebering_ecumenical_altar_petrified, basic_altar
D:3:      layout_basic, nicolae_ru_sacrificial_ziggurat, old_standard_altar,
          portal_sewer_entry_d
Sewer:    sewer_minmay_treatment

Skill      XL: |  1  2  3  4  5 |
---------------+----------------+-----
Armour         | 1 2 |  2.0
Fighting       | 3 4 |  4.2
Unarmed Combat | 1 2 |  2.6
Axes           | |  2.9
Throwing       | |  1.7
Dodging        | |  2.6

Action                   |  1- 3 |  4- 6 || total
-------------------------+-------+-------++-------
Melee: War axe           |   104 |   120 ||   224
       Punch             |       |     2 ||     2
Throw: Throwing net      |     1 |     1 ||     2
       Javelin           |     1 |       ||     1
Armor: Leather armour    |     5 |       ||     5
       Ring mail         |    38 |    43 ||    81
Dodge: Dodged            |    79 |   105 ||   184
